 Dungeon Crawl Stone Soup version 0.26-a0-812-g31a745ddcd (webtiles) character file.

Game seed: 16887907791633208587

95 kae the Ruffian (level 4, -1/36 HPs)
             Began as a Draconian Transmuter on Dec 1, 2020.
             Slain by Crazy Yiuf
             ... wielding a +2 quarterstaff of chaos
              (4 damage)
             ... on level 2 of the Dungeon.
             The game lasted 00:01:15 (2229 turns).

kae the Ruffian (Draconian Transmuter)              Turns: 2229, Time: 00:01:16

Health: -1/36      AC:  2    Str: 13    XL:     4   Next: 40%
Magic:  7/7        EV: 20    Int: 13    God:
Gold:   67         SH:  0    Dex: 17    Spells: 3/7 levels left

rFire    . . .     SeeInvis .     - Unarmed
rCold    . . .     Faith    .   (shield currently unavailable)
rNeg     . . .     Spirit   .   (armour unavailable)
rPois    x         Reflect  .   (helmet currently unavailable)
rElec    .         Harm     .   (cloak currently unavailable)
rCorr    .         Rampage  .   (gloves currently unavailable)
MR       +....                  (boots currently unavailable)
Stlth    +.........             (no amulet)
HPRegen  0.12/turn              g - ring of protection from magic
MPRegen  0.10/turn              (no ring)

@: confused, lethally poisoned (-1 -> -47), spider-form (expiring)
A: tiny, unfitting armour, AC +5
a: End Transformation


You were on level 2 of the Dungeon.
You were a venomous arachnid creature.
You visited 1 branch of the dungeon, and saw 2 of its levels.

You collected 67 gold pieces.

Inventory:

Jewellery
 b - an uncursed ring of protection from fire {unknown}
 f - an uncursed ring of protection from fire {unknown}
 g - a ring of protection from magic (left front leg)
 k - an uncursed ring of stealth {unknown}
 l - an uncursed amulet of faith {unknown}
 m - an uncursed amulet of reflection {unknown}
Scrolls
 c - a scroll of magic mapping
 e - 2 scrolls of teleportation
 h - 2 scrolls of remove curse
 n - a scroll of amnesia {unknown}
Potions
 a - 2 potions of ambrosia
 d - a potion of might
 i - a potion of berserk rage {unknown}
 j - a potion of flight {unknown}


   Skills:
 + Level 1.9 Fighting
 + Level 2.3 Dodging
 * Level 3.7 Unarmed Combat
 + Level 2.3 Spellcasting
 * Level 3.0 Transmutations


You had 3 spell levels left.
You knew the following spells:

 Your Spells              Type           Power        Failure   Level
a - Beastly Appendage     Tmut           #.....       19%         1
b - Spider Form           Tmut/Pois      #.........   58%         3

Your spell library contained the following spells:

 Spells                   Type           Power        Failure   Level
 Wereblood                Tmut           #.......     26%         2
 Ice Form                 Ice/Tmut       #.......     91%         4
 Blade Hands              Tmut           #.........   97%         5


Dungeon Overview and Level Annotations

Branches:
Dungeon (2/15)

Altars:
Fedhas

Annotations:
D:2 Crazy Yiuf


Innate Abilities, Weirdness & Mutations

((Your plain brown scales are hard. (AC +5)))
You cannot fit into any form of body armour.
((You are cold-blooded and may be slowed by cold attacks.))


Message History

You are too injured to fight recklessly!
You are too injured to fight recklessly!
You hit Crazy Yiuf.
Crazy Yiuf is poisoned.
Crazy Yiuf is severely wounded.
Crazy Yiuf hits you with a +2 quarterstaff of chaos.
* * * LOW HITPOINT WARNING * * *
You are lethally poisoned!
You hit Crazy Yiuf.
Crazy Yiuf looks even sicker.
Crazy Yiuf is almost dead.
* * * LOW HITPOINT WARNING * * *
You feel sick.
Crazy Yiuf hits you with a +2 quarterstaff of chaos.
* * * LOW HITPOINT WARNING * * *
You are more poisoned.
You are confused.
You feel invigorated.
* * * LOW HITPOINT WARNING * * *
You feel very sick.
Crazy Yiuf hits you with a +2 quarterstaff of chaos.
You die...

###.# #####...#..# #
#.# #..........# # #.#
#.###...#.## # #.# ###
##.##.## # #.# #.##.##
###.# ♣♣♣♣♣####.##.##
#...#
###**♣♣♣.♣..#.##.##.##
#.###
#...#♣..♣........##.##
#.#
#...gs♣♣♣♣............
#.# #)..#♣♣
♣♣.#..####.#. #.#
###** ♣♣#### ##.#. #.#
#..#. #.# #.### #.#
### #.# # #.#
#.######.### #.#
#.##..>..... #.##
#........###


You could see Crazy Yiuf (very poisoned).

Vanquished Creatures
  4 adders (D:2)
  2 oozes (D:2)
  A worm (D:2)
  3 leopard geckos
  2 bats (D:2)
  3 giant cockroaches (D:1)
  5 goblins
  5 hobgoblins
  6 jackals
  5 kobolds
  A ball python (D:1)
  A frilled lizard (D:2)
  5 rats
43 creatures vanquished.

Vanquished Creatures (others)
  A plant (D:1)
1 creature vanquished.

Grand Total: 44 creatures vanquished

Notes
Turn   | Place    | Note
-------+----------+-------------------------------------------
     0 | D:1      | kae the Draconian Transmuter began the quest for the Orb.
     0 | D:1      | Reached XP level 1. HP: 16/16 MP: 3/3
   173 | D:1      | Reached XP level 2. HP: 9/23 MP: 3/5
  1013 | D:2      | Reached XP level 3. HP: 19/28 MP: 4/6
  1018 | D:2      | Learned a level 3 spell: Spider Form
  1746 | D:2      | Found a runed translucent door.
  1747 | D:2      | Noticed Crazy Yiuf
  1799 | D:2      | Reached XP level 4. HP: 36/36 MP: 5/7
  1888 | D:2      | Found a blossoming altar of Fedhas.
  2229 | D:2      | Slain by Crazy Yiuf

Illustrated notes

Levels and vault maps discovered:
D:1:      moated_graveyard_arrival, layout_basic, serial_forest,
          infiniplex_forest_zigzag_1, infiniplex_forest_zigzag_2,
          infiniplex_forest_side_room, infiniplex_forest_straight_3,
          infiniplex_forest_clump_diagonal, infiniplex_forest_straight_3,
          infiniplex_forest_end_2, infiniplex_forest_straight_5,
          infiniplex_forest_lined_3
D:2:      layout_loops_ring, lemuel_coloured_pillars_altar,
          uniq_crazy_yiuf_cottage

Skill      XL: |  1  2  3  4 |
---------------+-------------+-----
Dodging        | 2 |  2.3
Transmutations | 3 |  3.0
Fighting       | |  1.9
Unarmed Combat | |  3.7
Spellcasting   | |  2.3

Action                   |  1- 3 |  4- 6 || total
-------------------------+-------+-------++-------
Melee: Unarmed           |    92 |    21 ||   113
       Kick              |    19 |     3 ||    22
       Headbutt          |    13 |     1 ||    14
       Tailslap          |     5 |     3 ||     8
 Cast: Beastly Appendage |    24 |     4 ||    28
       Spider Form       |       |     1 ||     1
  Use: Scroll            |     6 |       ||     6
       Potion            |       |     1 ||     1
 Stab: Sleeping          |     1 |     1 ||     2
Armor: Skin              |    26 |     6 ||    32
Dodge: Dodged            |    50 |     8 ||    58

Table legend: (Time is in decaauts)
 A = Elapsed time spent in this place.
 B = Non-inter-level travel time spent in this place.
 C = Inter-level travel time spent in this place.
 D = Time resting spent in this place.
 E = Time spent auto-exploring this place.
 F = Levels seen in this place.
 G = Mean time per level.
                   A        B        C        D        E       F      G
               +--------+--------+--------+--------+--------+-----+--------+
         Total |   2220 |   2168 |     52 |      0 |   1881 |   2 | 1110.0 |
       Dungeon |   2220 |   2168 |     52 |      0 |   1881 |   2 | 1110.0 |
               +--------+--------+--------+--------+--------+-----+--------+

Top non-repeatable levels by time:
     D:2: 1227 daAuts
     D:1: 993 daAuts
